TOP OF THE 1ST |
Richmond Flairs batting - Pitching for Tuscaloosa Trout Slayers : RHP Jesús Zapata
|
Pitching: RHP Jesús Zapata
|
|
Batting: LHB Luis Villa
|
0-0: Called Strike 0-1: Ball 1-1: Called Strike 1-2: Strikes out swinging
|
Batting: RHB Jack Ray
|
0-0: Called Strike 0-1: Ball 1-1: Swinging Strike 1-2: Strikes out swinging
|
Batting: LHB Sean Nicks
|
0-0: Ball 1-0: Called Strike 1-1: Called Strike 1-2: SINGLE (Line Drive, 9S)
|
Batting: RHB Andrés Lara
|
0-0: Called Strike 0-1: Ball 1-1: Fly out, F9 (Flyball, 9S)
|
Top of the 1st over - 0 run(s), 1 hit(s), 0 error(s), 1 left on base; Richmond 0 - Tuscaloosa 0 |
BOTTOM OF THE 1ST |
Tuscaloosa Trout Slayers batting - Pitching for Richmond Flairs : RHP Carlos Fernández
|
Pitching: RHP Carlos Fernández
|
|
Batting: RHB Shigemasa Ishida
|
0-0: Called Strike 0-1: Ball 1-1: Ground out 4-3 (Groundball, 4)
|
Batting: LHB Marcos Villarreal
|
0-0: Ball 1-0: Swinging Strike 1-1: Called Strike 1-2: Strikes out swinging, 2-3 out at first.
|
Batting: RHB Lowie van den Bogaert
|
0-0: Called Strike 0-1: Fly out, F9 (Flyball, 9S)
|
Bottom of the 1st over - 0 run(s), 0 hit(s), 0 error(s), 0 left on base; Richmond 0 - Tuscaloosa 0 |
TOP OF THE 2ND |
Richmond Flairs batting - Pitching for Tuscaloosa Trout Slayers : RHP Jesús Zapata
|
Batting: RHB Elliott Johnston
|
0-0: Swinging Strike 0-1: Ball 1-1: Foul Ball, location: 2F 1-2: Ball 2-2: Ball 3-2: Foul Ball, location: 2F 3-2: Foul Ball, location: 2F 3-2: Strikes out swinging
|
Batting: SHB Carlos Reyes
|
0-0: Swinging Strike 0-1: Ball 1-1: Swinging Strike 1-2: Strikes out swinging
|
Batting: LHB Roland Jones
|
0-0: Ball 1-0: Called Strike 1-1: Called Strike 1-2: Ball 2-2: Foul Ball, location: 2F 2-2: SOLO HOME RUN (Flyball, 89XD), Distance : 387 ft
|
Batting: RHB Christian Hudson
|
0-0: Called Strike 0-1: Called Strike 0-2: Strikes out swinging
|
Top of the 2nd over - 1 run(s), 1 hit(s), 0 error(s), 0 left on base; Richmond 1 - Tuscaloosa 0 |
BOTTOM OF THE 2ND |
Tuscaloosa Trout Slayers batting - Pitching for Richmond Flairs : RHP Carlos Fernández
|
Batting: RHB Ben Morton
|
0-0: Ball 1-0: Ball 2-0: Swinging Strike 2-1: Called Strike 2-2: Foul Ball, location: 2F 2-2: DOUBLE (Flyball, 78XD)
|
Batting: LHB António Cedeño
|
0-0: Ball 1-0: Ball 2-0: Fly out, F7 (Flyball, 7S)
|
Batting: RHB Lawrence Yates
|
0-0: Called Strike 0-1: Foul Ball, location: 2F 0-2: Ball 1-2: Fly out, F9 (Flyball, 9LS)
|
Batting: LHB Mark Owens
|
0-0: Ball 1-0: Called Strike 1-1: Ground out U3 (Groundball, 34)
|
Bottom of the 2nd over - 0 run(s), 1 hit(s), 0 error(s), 1 left on base; Richmond 1 - Tuscaloosa 0 |
TOP OF THE 3RD |
Richmond Flairs batting - Pitching for Tuscaloosa Trout Slayers : RHP Jesús Zapata
|
Batting: SHB Adrián Miranda
|
0-0: Ball 1-0: Foul Ball, location: 2F 1-1: Swinging Strike 1-2: Foul Ball, location: 2F 1-2: Ball 2-2: Strikes out looking
|
Batting: LHB Luis Villa
|
0-0: Called Strike 0-1: SOLO HOME RUN (Line Drive, 9D), Distance : 404 ft
|
Batting: RHB Jack Ray
|
0-0: Ball 1-0: Swinging Strike 1-1: Reached via error on a dropped throw, E1
|
Batting: LHB Sean Nicks
|
0-0: Ball 1-0: Ball Wild Pitch! Jack Ray to second 2-0: Ball 3-0: Called Strike 3-1: SINGLE (Line Drive, 8RS) Jack Ray to third Runner from 3rd tries for Home, SAFE, no throw
|
Batting: RHB Andrés Lara
|
0-0: Called Strike 0-1: Swinging Strike 0-2: Single, Error in OF, E7, batter to second base Sean Nicks to third
|
Batting: RHB Elliott Johnston
|
0-0: Foul Ball, location: 2F 0-1: Ball 1-1: Ball 2-1: Foul Ball, location: 2F 2-2: Foul Ball, location: 2F 2-2: Ball 3-2: Foul Ball, location: 2F 3-2: Strikes out swinging
|
Batting: SHB Carlos Reyes
|
0-0: Ground out U3 (Groundball, 34)
|
Top of the 3rd over - 2 run(s), 3 hit(s), 2 error(s), 2 left on base; Richmond 3 - Tuscaloosa 0 |
BOTTOM OF THE 3RD |
Tuscaloosa Trout Slayers batting - Pitching for Richmond Flairs : RHP Carlos Fernández
|
Batting: LHB Ed Hart
|
0-0: Called Strike 0-1: Ball 1-1: Foul Ball, location: 2F 1-2: Strikes out swinging
|
Batting: LHB Wilford Lush
|
0-0: Ball 1-0: Swinging Strike 1-1: Swinging Strike 1-2: Ball 2-2: Foul Ball, location: 2F 2-2: DOUBLE (Flyball, 8RXD)
|
Batting: RHB Shigemasa Ishida
|
0-0: Fly out, F5 (Popup, 56S)
|
Batting: LHB Marcos Villarreal
|
0-0: Swinging Strike 0-1: Ball 1-1: Ball 2-1: Swinging Strike 2-2: Foul Ball, location: 2F 2-2: Ball 3-2: Ground out U3 (Groundball, 3S)
|
Bottom of the 3rd over - 0 run(s), 1 hit(s), 0 error(s), 1 left on base; Richmond 3 - Tuscaloosa 0 |
TOP OF THE 4TH |
Richmond Flairs batting - Pitching for Tuscaloosa Trout Slayers : RHP Jesús Zapata
|
Batting: LHB Roland Jones
|
0-0: Ball 1-0: Swinging Strike 1-1: Swinging Strike 1-2: Strikes out swinging
|
Batting: RHB Christian Hudson
|
0-0: Ball 1-0: Foul Ball, location: 2F 1-1: Ground out 6-3 (Groundball, 56)
|
Batting: SHB Adrián Miranda
|
0-0: Ball 1-0: Ball 2-0: Ground out 1-3 (Groundball, 13)
|
Top of the 4th over - 0 run(s), 0 hit(s), 0 error(s), 0 left on base; Richmond 3 - Tuscaloosa 0 |
BOTTOM OF THE 4TH |
Tuscaloosa Trout Slayers batting - Pitching for Richmond Flairs : RHP Carlos Fernández
|
Batting: RHB Lowie van den Bogaert
|
0-0: Ball 1-0: Ground out 5-3 (Groundball, 56S)
|
Batting: RHB Ben Morton
|
0-0: Swinging Strike 0-1: Fly out, F8 (Line Drive, 8LD)
|
Batting: LHB António Cedeño
|
0-0: Called Strike 0-1: Swinging Strike 0-2: Reached on error, E3 (Groundball, 34)
|
Batting: RHB Lawrence Yates
|
0-0: Ball 1-0: Ball 2-0: Called Strike 2-1: Foul Ball, location: 2F 2-2: Fly out, F9 (Flyball, 9S)
|
Bottom of the 4th over - 0 run(s), 0 hit(s), 1 error(s), 1 left on base; Richmond 3 - Tuscaloosa 0 |
TOP OF THE 5TH |
Richmond Flairs batting - Pitching for Tuscaloosa Trout Slayers : RHP Jesús Zapata
|
Batting: LHB Luis Villa
|
0-0: Ball 1-0: Ball 2-0: Called Strike 2-1: Ball 3-1: Base on Balls
|
Pitching: RHP Marlon Ryan
|
|
Batting: RHB Jack Ray
|
0-0: Ball Luis Villa steals 2nd base 1-0: Ball 2-0: Called Strike 2-1: Swinging Strike 2-2: 2-RUN HOME RUN (Flyball, 9D), Distance : 390 ft
|
Batting: LHB Sean Nicks
|
0-0: Fly out, F9 (Flyball, 89M)
|
Batting: RHB Andrés Lara
|
0-0: Ball 1-0: Ball 2-0: Ball 3-0: Called Strike 3-1: SOLO HOME RUN (Line Drive, 7D), Distance : 346 ft
|
Batting: RHB Elliott Johnston
|
0-0: Called Strike 0-1: Called Strike 0-2: Ball 1-2: Strikes out swinging
|
Batting: SHB Carlos Reyes
|
0-0: Foul Ball, location: 2F 0-1: Foul Ball, location: 2F 0-2: Ball 1-2: Ball 2-2: Strikes out swinging
|
Top of the 5th over - 3 run(s), 2 hit(s), 0 error(s), 0 left on base; Richmond 6 - Tuscaloosa 0 |
BOTTOM OF THE 5TH |
Tuscaloosa Trout Slayers batting - Pitching for Richmond Flairs : RHP Carlos Fernández
|
Batting: LHB Mark Owens
|
0-0: Called Strike 0-1: Called Strike 0-2: Foul Ball, location: 2F 0-2: Ball 1-2: Ground out 3-1 (Groundball, 34)
|
Batting: LHB Ed Hart
|
0-0: Ball 1-0: SINGLE (Flyball, 8LS)
|
Batting: LHB Wilford Lush
|
0-0: Called Strike 0-1: Swinging Strike 0-2: Foul Ball, location: 2F 0-2: Strikes out swinging
|
Batting: RHB Shigemasa Ishida
|
0-0: Foul Ball, location: 2F 0-1: Foul Ball, location: 2F 0-2: Ball 1-2: Ball 2-2: Ball 3-2: SINGLE (Flyball, 8LS) Ed Hart to second Ed Hart to third
|
Batting: LHB Marcos Villarreal
|
0-0: Called Strike 0-1: Foul Ball, location: 2F 0-2: 3-RUN HOME RUN (Flyball, 89XD), Distance : 402 ft
|
Batting: RHB Lowie van den Bogaert
|
0-0: SINGLE (Popup, 5D)
|
Batting: RHB Ben Morton
|
0-0: Ball 1-0: Ball Lowie van den Bogaert steals 2nd base 2-0: Ball 3-0: Called Strike 3-1: Foul Ball, location: 2F 3-2: Base on Balls
|
Batting: LHB António Cedeño
|
0-0: 3-RUN HOME RUN (Flyball, 89XD), Distance : 413 ft
|
Pitching: RHP Octávio Morín
|
|
Batting: RHB Lawrence Yates
|
0-0: Foul Ball, location: 2F 0-1: Called Strike 0-2: Foul Ball, location: 2F 0-2: Ball 1-2: Foul Ball, location: 2F 1-2: Ball 2-2: Strikes out swinging
|
Bottom of the 5th over - 6 run(s), 5 hit(s), 0 error(s), 0 left on base; Richmond 6 - Tuscaloosa 6 |
TOP OF THE 6TH |
Richmond Flairs batting - Pitching for Tuscaloosa Trout Slayers : RHP Marlon Ryan
|
Pitching: LHP Luis López
|
|
Batting: LHB Roland Jones
|
0-0: Fly out, F7 (Flyball, 78M)
|
Batting: RHB Christian Hudson
|
0-0: Called Strike 0-1: DOUBLE (Line Drive, 78XD)
|
Batting: SHB Adrián Miranda
|
0-0: Ball 1-0: SINGLE (Groundball, 56D) Christian Hudson to third Runner from 3rd tries for Home, SAFE, throw made home
|
Batting: LHB Luis Villa
|
0-0: Called Strike 0-1: Called Strike 0-2: Ball 1-2: Strikes out swinging
|
Batting: RHB Jack Ray
|
0-0: Called Strike 0-1: Ball 1-1: Foul Ball, location: 2F 1-2: Fielders Choice at 2nd, 5-4 (Groundball, 5L)
|
Top of the 6th over - 1 run(s), 2 hit(s), 0 error(s), 0 left on base; Richmond 7 - Tuscaloosa 6 |
BOTTOM OF THE 6TH |
Tuscaloosa Trout Slayers batting - Pitching for Richmond Flairs : RHP Octávio Morín
|
Batting: LHB Mark Owens
|
0-0: Called Strike 0-1: Swinging Strike 0-2: Ball 1-2: Ball 2-2: Strikes out looking
|
Batting: LHB Ed Hart
|
0-0: Called Strike 0-1: Foul Ball, location: 2F 0-2: Ball 1-2: Ball 2-2: Ball 3-2: Foul Ball, location: 2F 3-2: SOLO HOME RUN (Flyball, 9D), Distance : 380 ft
|
Batting: LHB Wilford Lush
|
0-0: Ball 1-0: Fly out, F7 (Flyball, 7S)
|
Batting: RHB Shigemasa Ishida
|
0-0: Ball 1-0: Ball 2-0: Called Strike 2-1: Ground out 5-3 (Groundball, 56)
|
Bottom of the 6th over - 1 run(s), 1 hit(s), 0 error(s), 0 left on base; Richmond 7 - Tuscaloosa 7 |
TOP OF THE 7TH |
Richmond Flairs batting - Pitching for Tuscaloosa Trout Slayers : LHP Luis López
|
Batting: LHB Sean Nicks
|
0-0: Foul Ball, location: 2F 0-1: Fly out, F6 (Popup, 6D)
|
Batting: RHB Andrés Lara
|
0-0: Called Strike 0-1: Swinging Strike 0-2: Foul Ball, location: 2F 0-2: DOUBLE (Line Drive, 8LXD)
|
Batting: RHB Elliott Johnston
|
0-0: Intentional Walk
|
Batting: SHB Carlos Reyes
|
0-0: Foul Ball, location: 2F 0-1: Ball Andrés Lara steals 3rd base Elliott Johnston to second 1-1: Ball Wild Pitch! Andrés Lara scores Elliott Johnston to third 2-1: Ball 3-1: DOUBLE (Flyball, 9LM) Elliott Johnston scores
|
Pitching: RHP Jesús Ramos
|
|
Batting: LHB Roland Jones
|
0-0: Intentional Walk
|
Pinch Hitting: RHB R.J. Crosby
|
0-0: Ball 1-0: Fly out, F4 (Popup, 4S)
|
Pinch Hitting: LHB Frank Geddes
|
0-0: Ball 1-0: Ball 2-0: Ball 3-0: Called Strike 3-1: Swinging Strike 3-2: Foul Ball, location: 2F 3-2: Fly out, F8 (Flyball, 8LS)
|
Top of the 7th over - 2 run(s), 2 hit(s), 0 error(s), 2 left on base; Richmond 9 - Tuscaloosa 7 |
BOTTOM OF THE 7TH |
Tuscaloosa Trout Slayers batting - Pitching for Richmond Flairs : RHP Octávio Morín
|
Now at 3B: Guo-xiu Hsueh
|
|
Now at SS: Maresuke Yoshida
|
|
Batting: LHB Marcos Villarreal
|
0-0: Swinging Strike 0-1: Ball 1-1: Foul Ball, location: 2F 1-2: Strikes out swinging
|
Batting: RHB Lowie van den Bogaert
|
0-0: Ball 1-0: Ball 2-0: SINGLE (Line Drive, 89S)
|
Batting: RHB Ben Morton
|
0-0: Ball 1-0: Called Strike 1-1: Ball 2-1: Fly out, F8 (Line Drive, 8RS)
|
Pitching: LHP Salvador Rodríguez
|
|
Batting: LHB António Cedeño
|
0-0: Ball 1-0: Swinging Strike 1-1: Ball 2-1: Ball 3-1: Base on Balls Lowie van den Bogaert to second
|
Batting: RHB Lawrence Yates
|
0-0: Called Strike 0-1: Ball 1-1: Called Strike 1-2: Strikes out looking
|
Bottom of the 7th over - 0 run(s), 1 hit(s), 0 error(s), 2 left on base; Richmond 9 - Tuscaloosa 7 |
TOP OF THE 8TH |
Richmond Flairs batting - Pitching for Tuscaloosa Trout Slayers : RHP Jesús Ramos
|
Batting: LHB Luis Villa
|
0-0: Ball 1-0: Ball 2-0: Fly out, F7 (Flyball, 7D)
|
Batting: RHB Jack Ray
|
0-0: Ball 1-0: SOLO HOME RUN (Flyball, 7D), Distance : 358 ft
|
Batting: LHB Sean Nicks
|
0-0: Ball 1-0: Fly out, F8 (Line Drive, 8RM)
|
Batting: RHB Andrés Lara
|
0-0: Ball 1-0: Called Strike 1-1: Ball 2-1: Foul Ball, location: 2F 2-2: Ball 3-2: Strikes out looking
|
Top of the 8th over - 1 run(s), 1 hit(s), 0 error(s), 0 left on base; Richmond 10 - Tuscaloosa 7 |
BOTTOM OF THE 8TH |
Tuscaloosa Trout Slayers batting - Pitching for Richmond Flairs : LHP Salvador Rodríguez
|
Batting: LHB Mark Owens
|
0-0: Fly out, F4 (Line Drive, 4)
|
Batting: LHB Ed Hart
|
0-0: Foul Ball, location: 2F 0-1: SOLO HOME RUN (Line Drive, 7D), Distance : 352 ft
|
Pitching: LHP Takaaki Omori
|
|
Batting: LHB Wilford Lush
|
0-0: Fly out, F9 (Flyball, 9LMF)
|
Batting: RHB Shigemasa Ishida
|
0-0: Ball 1-0: SINGLE (Flyball, 78S)
|
Pitching: RHP Hyeong-uk Yi
|
|
Batting: LHB Marcos Villarreal
|
0-0: Called Strike 0-1: Ball 1-1: Ball 2-1: Foul Ball, location: 2F 2-2: Ball 3-2: Single, Error in OF, E9, batter to second base Shigemasa Ishida to third
|
Pinch Hitting: LHB Albert Morgan
|
0-0: Ball 1-0: Ball 2-0: Foul Ball, location: 2F 2-1: Ball 3-1: Called Strike 3-2: Base on Balls
|
Batting: RHB Ben Morton
|
0-0: Ball 1-0: Ball 2-0: SINGLE (Flyball, 8RS) Shigemasa Ishida scores Marcos Villarreal to third Albert Morgan to second Runner from 3rd tries for Home, SAFE, no throw
|
Batting: LHB António Cedeño
|
0-0: Ball 1-0: Ground out U3 (Groundball, 34)
|
Bottom of the 8th over - 3 run(s), 4 hit(s), 1 error(s), 2 left on base; Richmond 10 - Tuscaloosa 10 |
TOP OF THE 9TH |
Richmond Flairs batting - Pitching for Tuscaloosa Trout Slayers : RHP Jesús Ramos
|
Pitching: RHP John Charles
|
|
Now in RF: Albert Morgan
|
|
Batting: RHB Elliott Johnston
|
0-0: Called Strike 0-1: Ball 1-1: Called Strike 1-2: Ball 2-2: Ball 3-2: SINGLE (Line Drive, 9S)
|
Batting: SHB Carlos Reyes
|
0-0: Bunted foul 0-1: Sac Bunt - play at first, batter OUT! 5-4 Elliott Johnston to second
|
Batting: LHB Roland Jones
|
0-0: Intentional Walk
|
Pinch Hitting: RHB Tadakuni Sugiyama
|
0-0: Ball 1-0: Foul Ball, location: 2F 1-1: Ball 2-1: Ball 3-1: Foul Ball, location: 2F 3-2: Foul Ball, location: 2F 3-2: Base on Balls Elliott Johnston to third Roland Jones to second
|
Pinch Hitting: SHB António Enríquez
|
0-0: Ball 1-0: Ball 2-0: Reached on error, E6 (Groundball, 6) Elliott Johnston scores Roland Jones to third Tadakuni Sugiyama to second
|
Batting: LHB Luis Villa
|
0-0: Foul Ball, location: 2F 0-1: Ball 1-1: Fly out, F8 (Flyball, 8LS) Runner from 3rd tags up, SCORES, no throw
|
Batting: RHB Jack Ray
|
0-0: Ball 1-0: Ball 2-0: Called Strike 2-1: Ball 3-1: Base on Balls Tadakuni Sugiyama to third António Enríquez to second
|
Batting: LHB Sean Nicks
|
0-0: Ball 1-0: Ball 2-0: Foul Ball, location: 2F 2-1: Ball 3-1: GRAND SLAM HOME RUN (Flyball, 9D), Distance : 403 ft
|
Batting: RHB Andrés Lara
|
0-0: Called Strike 0-1: Ball 1-1: Ball 2-1: Fly out, F8 (Flyball, 8LS)
|
Top of the 9th over - 6 run(s), 2 hit(s), 1 error(s), 0 left on base; Richmond 16 - Tuscaloosa 10 |
BOTTOM OF THE 9TH |
Tuscaloosa Trout Slayers batting - Pitching for Richmond Flairs : RHP Hyeong-uk Yi
|
Now at 3B: António Enríquez
|
|
Now at SS: Kyle Hollingsworth
|
|
Batting: RHB Lawrence Yates
|
0-0: Ball 1-0: Called Strike 1-1: Ball 2-1: Fly out, F8 (Flyball, 78D)
|
Batting: LHB Mark Owens
|
0-0: Called Strike 0-1: Ball 1-1: Ball 2-1: Ground out U3 (Groundball, 3)
|
Batting: LHB Ed Hart
|
0-0: Ball 1-0: Ball 2-0: Ball 3-0: Base on Balls
|
Batting: LHB Wilford Lush
|
0-0: Ball 1-0: Ball 2-0: SINGLE (Line Drive, 6D) Ed Hart to second
|
Batting: RHB Shigemasa Ishida
|
0-0: Ball 1-0: Ball 2-0: Ball 3-0: Called Strike 3-1: Base on Balls Ed Hart to third Wilford Lush to second
|
Batting: LHB Marcos Villarreal
|
0-0: Ground out 3-1 (Groundball, 34)
|
Bottom of the 9th over - 0 run(s), 1 hit(s), 0 error(s), 3 left on base; Richmond 16 - Tuscaloosa 10 |
|